 Yiufcrawl Soup (a DCSS fork) version 1.5.2b1-yiuf-19-g91104ff (webtiles) character file.

165 MarkovLaser the Skirmisher (level 5, 0/85 HPs)
             Began as a Bearkin Berserker on July 24, 2017.
             Was a Believer of Trog.
             Slain by Ijyb (3 damage)
             ... on level 3 of the Dungeon.
             The game lasted 00:07:57 (2921 turns).

MarkovLaser the Skirmisher (Bearkin Berserker)      Turns: 2921, Time: 00:07:57

Health: 0/85       AC: -5    Str: 25    XL:     5   Next: 21%
Magic:  5/5        EV:  6    Int:  5    God:    Trog [**....]
Gold:   168        SH:  0    Dex: 13    Spells: 4/4 levels left

rFire    . . .     SeeInvis .   (no weapon)
rCold    + . .     Gourm    .   (no shield)
rNeg     . . .     Faith    .   (armour unavailable)
rPois    .         Spirit   .   (helmet unavailable)
rElec    .         Reflect  .   (cloak unavailable)
rCorr    .         Harm     .   (gloves unavailable)
MR       .....                  (boots unavailable)
Stlth    ..........             (no amulet)
Regen    0.3/turn               (no ring)
MPRegen  0.2/turn               (no ring)

@: berserking, corroded, drained, very quick
A: no armour, claws 1, fangs 1, carnivore 3, shaggy fur 3, magic regeneration,
freezing cloud immunity
a: Berserk, Trog's Hand, Renounce Religion


You were on level 3 of the Dungeon.
You worshipped Trog.
Trog was pleased with you.
You were very full.

You visited 1 branch of the dungeon, and saw 3 of its levels.

You collected 168 gold pieces.

Inventory:

Missiles
 a - 2 tomahawks (quivered)
Jewellery
 h - a +3 ring of protection {unknown}
Scrolls
 c - a scroll of remove curse {unknown}
 e - a scroll of amnesia {unknown}
 g - 5 scrolls of identify {unknown}
 j - a scroll of enchant armour {unknown}
 k - a scroll of immolation {unknown}
 l - a scroll of magic mapping {unknown}
 m - a scroll of fear {unknown}
 n - 2 scrolls of fog {unknown}
Potions
 d - a potion of mutation {unknown}
 i - 2 potions of curing {unknown}
 o - a potion of lignification {unknown}
 p - a potion of heal wounds {unknown}
 q - 2 potions of haste {unknown}
Comestibles
 b - 2 meat rations
 f - a royal jelly
 r - 2 chunks of flesh


   Skills:
 + Level 7.2(6.6) Fighting
 - Level 3.0(2.5) Throwing
 - Level 3.0(2.5) Dodging


You had 4 spell levels left.
You didn't know any spells.

Dungeon Overview and Level Annotations

Branches:
Dungeon (3/15)

Altars:
Sif Muna
The Shining One

Annotations:
D:3 Ijyb


Innate Abilities, Weirdness & Mutations

You can easily heft most weapons in one hand.
You become enormous when angry, and thus cannot wear armour.
You have sharp fingernails.
You have very sharp teeth.
You are carnivorous and can eat meat at any time.
Your thick and shaggy fur keeps you warm. (AC +3, rC+)
You regenerate magic rapidly.
You are immune to freezing clouds.


Message History

You closely miss Ijyb. Ijyb hits you.
You closely miss Ijyb.
Ijyb zaps a wand.
The bolt of acid hits you! The acid corrodes you!
You are splashed with acid!
The acid burns!
It is a wand of acid (?/15).
You scratch Ijyb but do no damage. Ijyb hits you.
You scratch Ijyb.
Ijyb is lightly wounded.
Ijyb hits you.
A red film seems to cover your vision as you go berserk!
You feel yourself moving faster!
You feel mighty!
Ijyb zaps a wand.
The bolt of acid hits you!
* * * LOW HITPOINT WARNING * * *
The acid corrodes you!
You are splashed with acid!
The acid burns!
* * * LOW HITPOINT WARNING * * *
You scratch Ijyb but do no damage.
Ijyb is lightly wounded.
You scratch Ijyb but do no damage.
Ijyb is lightly wounded.
Ijyb hits you.
You die...

##############
#..........@.#
#.##########g#
#.# .# #.# .#
#.# .# #.# .#
#.### .#
#...####### .#
######.........


You could see Ijyb.

Vanquished Creatures
  Natasha (twice) (D:3)
  5 gnolls
  An adder (D:3)
  An ooze (D:1)
  2 dart slugs (D:2)
  A leopard gecko (D:2)
  11 hobgoblins
  A quokka (D:3)
  8 bats
  3 frilled lizards
  5 goblins
  5 kobolds
  9 rats
54 creatures vanquished.

Notes
Turn   | Place    | Note
-------+----------+-------------------------------------------
     0 | D:1      | MarkovLaser the Bearkin Berserker began the quest for the Orb.
     0 | D:1      | Reached XP level 1. HP: 21/21 MP: 1/1
   157 | D:1      | Reached skill level 4 in Fighting
   215 | D:1      | Gained mutation: You are immune to freezing clouds. [the bear spirit]
   215 | D:1      | Reached XP level 2. HP: 30/30 MP: 2/2
   794 | D:1      | Reached skill level 5 in Fighting
   852 | D:1      | Reached XP level 3. HP: 25/39 MP: 3/3
  1248 | D:2      | Reached ** piety under Trog
  1248 | D:2      | Reached skill level 6 in Fighting
  1248 | D:2      | Gained mutation: You regenerate magic rapidly. [the bear spirit]
  1248 | D:2      | Reached XP level 4. HP: 48/48 MP: 4/4
  1890 | D:3      | Noticed Natasha
  1900 | D:3      | Killed Natasha
  2113 | D:3      | Noticed Natasha
  2121 | D:3      | Killed Natasha
  2121 | D:3      | Reached skill level 7 in Fighting
  2121 | D:3      | Reached XP level 5. HP: 57/57 MP: 5/5
  2446 | D:3      | Found a deep blue altar of Sif Muna.
  2868 | D:3      | Found a glowing golden altar of the Shining One.
  2913 | D:3      | Noticed Ijyb
  2919 | D:3      | HP: 2/85 [acid (10)]
  2921 | D:3      | Slain by Ijyb

Skill      XL: |  1  2  3  4 |
---------------+-------------+-----
Fighting       | 4 5 6 7 |  7.2
Throwing       | |  3.0
Dodging        | |  3.0

Action                   |  1- 3 |  4- 6 || total
-------------------------+-------+-------++-------
Melee: Unarmed           |    80 |   108 ||   188
       Bite              |    10 |    11 ||    21
Throw: Tomahawk          |     4 |       ||     4
Invok: Berserk           |     5 |     4 ||     9
  Eat: Chunk             |     9 |     7 ||    16
Armor: Skin              |    32 |    48 ||    80
Dodge: Dodged            |    28 |    41 ||    69
